 Dungeon Crawl Stone Soup version 0.30-a0-57-g8b159a9891 (webtiles) character file.

Game seed: 4846411666530567084

7112 Malachi the Fighter (level 10, 0/89 HPs)
             Began as a Vampire Brigand on Sept 12, 2022.
             Was an Initiate of Gozag.
             Slain by a hellwing (10 damage)
             ... summoned by a kobold demonologist
             ... on level 9 of the Dungeon.
             The game lasted 00:15:27 (9518 turns).

Malachi the Fighter (Vampire Brigand)               Turns: 9518, Time: 00:15:28

Health: 0/89       AC:  4    Str: 13    XL:     10   Next: 85%
Magic:  10/10      EV: 16    Int: 17    God:    Gozag
Gold:   453        SH:  0    Dex: 18    Spells: 9/9 levels left

rFire   . . .      SeeInvis +    r - +0 dagger (distort)
rCold   + . .      Faith    .    (no shield)
rNeg    . . .      Spirit   .    b - +0 robe
rPois   .          Reflect  .    (helmet restricted)
rElec   .          Harm     .    c - +0 cloak
rCorr   .          Rampage  .    i - +0 pair of gloves
Will    +....                    (no boots)
Stlth   +++.......               t - amulet of regeneration
HPRegen 1.24/turn                v - ring of protection from cold
MPRegen 0.12/turn                (no ring)

@: about to teleport, healing quickly
A: alive, fangs 3, see invisible, vampiric 2, horns 1, clever 1, strong 1
a: Exsanguinate, Renounce Religion, Potion Petition, Call Merchant, Bribe Branch


You were on level 9 of the Dungeon.
You worshipped Gozag.
Gozag was aware of your devotion.
You visited 2 branches of the dungeon, and saw 10 of its levels.
You visited the Abyss 1 time.

You collected 911 gold pieces.
You spent 360 gold pieces at shops.
You paid 98 gold pieces to Gozag.

Inventory:

Hand Weapons
 a - a +2 dagger
 r - a +0 dagger of distortion (weapon)
 s - a +2 dagger of venom
Missiles
 d - 17 poisoned darts (quivered)
 e - 2 curare-tipped darts
 n - 9 javelins
 q - a throwing net
Armour
 b - a +0 robe (worn)
 c - a +0 cloak (worn)
 i - a +0 pair of gloves (worn)
Jewellery
 f - an amulet of magic regeneration
 t - an amulet of regeneration (around neck)
 v - a ring of protection from cold (left hand)
 y - a ring of wizardry
 D - a ring of protection from fire
Wands
 h - a wand of charming (11)
 j - a wand of quicksilver (1)
 x - a wand of roots (1)
 z - a wand of flame (29)
Scrolls
 k - 2 scrolls of blinking
 m - 2 scrolls of teleportation
 u - 2 scrolls of vulnerability
 w - 2 scrolls of poison
 B - a scroll of identify
 C - a scroll of brand weapon {unknown}
Potions
 g - 3 potions of resistance
 l - 5 potions of curing
 o - 2 potions of brilliance
 p - a potion of attraction {unknown}
 A - a potion of haste


   Skills:
 - Level 12.0 Fighting
 - Level 10.0 Short Blades
 - Level 1.5 Throwing
 + Level 6.6 Dodging
 - Level 5.8 Stealth


You had 9 spell levels left.
You didn't know any spells.
Your spell library contained the following spells:

 Spells                   Type           Power      Damage    Failure   Level
 Freeze                   Ice            0%         1d3       24%         1
 Magic Dart               Conj           0%         1d3       24%         1
 Blink                    Tloc           0%         N/A       34%         2
 Call Imp                 Summ           0%         N/A       34%         2
 Poisonous Vapours        Pois/Air       0%         N/A       34%         2
 Sublimation of Blood     Necr           0%         N/A       34%         2
 Wereblood                Tmut           0%         N/A       34%         2
 Frozen Ramparts          Ice            0%         1d1       56%         3
 Mephitic Cloud           Conj/Pois/Air  0%         N/A       56%         3
 Ozocubu's Armour         Ice            0%         N/A       56%         3
 Dispel Undead            Necr           0%         3d6       93%         4
 Hailstorm                Conj/Ice       0%         3d3       93%         4
 Manifold Assault         Tloc           0%         N/A       100%        5
 Death Channel            Necr           0%         N/A       100%        6
 Ozocubu's Refrigeration  Ice            0%         4d7       100%        7
 Storm Form               Tmut/Air       0%         N/A       100%        7
 Summon Hydra             Summ           0%         N/A       100%        7
 Corpse Rot               Necr/Pois/Air  Unusable   N/A       N/A         4

Dungeon Overview and Level Annotations

Branches:
Dungeon (9/15)             Temple (1/1) D:6            Lair (0/5) D:9
    Orc: D:9-12

Altars:
Ashenzari
Cheibriados
Fedhas
Gozag
Hepliaklqana
Kikubaaqudgha
Makhleb
Nemelex Xobeh
Okawaru
Qazlal
Ru
Sif Muna
Trog
Uskayaw
Vehumet
Wu Jian
Xom
Yredelemnul

Shops:
D:7 [   D:8 :=

Annotations:
Temple 2 transporters
Abyss:1 Maggie


Innate Abilities, Weirdness & Mutations

Your natural rate of healing is accelerated.
You have razor-sharp teeth.
You have supernaturally acute eyesight. (SInv)
You are afflicted with vampirism and can become a bat while bloodless.
You have a pair of small horns on your head.
Your mind is acute. (Int +4, Str/Dex -1)
Your muscles are strong. (Str +4, Int/Dex -1)


Message History

Unknown command.
Aiming: Quicksilver Bolt
Press: ? - help, Shift-Dir - straight line, f/p - kobold demonologist
Aim: a kobold demonologist, wielding a +0 dagger and wearing a +0 robe (moderately wounded, 60% to hit)
The bolt of dispelling energy hits the white imp!
You kill the white imp!
The white imp disappears in a puff of smoke!
The bolt of dispelling energy hits the crimson imp!
You kill the crimson imp!
The crimson imp disappears in a puff of smoke!
The bolt of dispelling energy misses the kobold demonologist.
The bolt of dispelling energy hits the two-headed ogre!
The two-headed ogre is moderately wounded.
The vampire hits you!
* * * LOW HITPOINT WARNING * * *
The vampire bites you but does no damage.
The orange demon stings you from afar!
* * * LOW HITPOINT WARNING * * *
Unknown command.
Unknown command.
Unknown command.
As you read the scroll of teleportation, it crumbles to dust.
You feel strangely unstable. The vampire draws life force from you!
* * * LOW HITPOINT WARNING * * *
The vampire is healed by the life force!
The orange demon completely misses you.
You feel much better.
The vampire casts a spell.
The vampire flickers and vanishes for a moment.
The orange demon completely misses you.
The kobold demonologist mumbles some strange words.
The vampire attacks as you move away! The vampire hits you!
* * * LOW HITPOINT WARNING * * *
The vampire bites you!
* * * LOW HITPOINT WARNING * * *
The vampire draws strength from your injuries!
The kobold demonologist casts a spell.
The hellwing hits you!
You die...
Your body crumbles into a pile of gold.

..
#g$......
...
###y..y....
...
#yg.y5..$..
#.##
#y###K5K...
...# ##O#
.###.
#..##54# #
#.#VK##
#.43##
#.@##
###..##
#.....#
.....###.#
## ####.
#.# #. .
#.## #. .#
#..# . #<
.. ##.# ##.
#. #.## #..
###.##


You could see a two-headed ogre, an orange demon (summoned), a hellwing
(summoned), a kobold demonologist, a ynoxinul (summoned), a vampire (invisible),
a gnoll sergeant, 2 killer bees and a quasit (summoned).

Vanquished Creatures
  A two-headed ogre (D:7)
  An unseen horror zombie (D:9)
  2 kobold demonologists (D:9)
  4 yaks
  Sigmund (D:5)
  3 wargs (D:9)
  Menkaure (D:5)
  2 water moccasins (D:7)
  3 orc warriors
  3 ice beasts
  A sky beast (D:5)
  A black bear (D:5)
  An ogre (D:4)
  2 centaurs
  A phantom (D:6)
  4 kobold brigands (D:9)
  2 bullfrogs
  8 wights
  5 killer bees (D:9)
  3 howler monkeys
  5 orc priests
  A centaur zombie (D:9)
  6 hounds
  A jelly (D:5)
  A gnoll bouda (D:7)
  Jessica (D:2)
  An iguana (D:5)
  Ijyb (D:5)
  4 orc wizards
  15 gnolls
  4 adders
  A shadow imp (D:8)
  A white imp (D:7)
  2 ufetubi
  3 worms
  A dart slug (D:1)
  31 orcs
  4 endoplasms
  6 giant cockroaches
  3 goblins
  5 hobgoblins
  3 jackals (D:1)
  7 kobolds
  2 quokkas (D:2)
  14 ball pythons
  4 frilled lizards
  4 rats
180 creatures vanquished.

Vanquished Creatures (others)
  2 fungi (D:6)
  6 plants (D:1)
8 creatures vanquished.

Grand Total: 188 creatures vanquished

Notes
Turn   | Place    | Note
-------+----------+-------------------------------------------
     0 | D:1      | Malachi the Vampire Brigand began the quest for the Orb.
     0 | D:1      | Reached XP level 1. HP: 16/16 MP: 1/1
   170 | D:1      | Reached XP level 2. HP: 20/22 MP: 2/2
   988 | D:2      | Gained mutation: You are afflicted with vampirism and can
                  | become a bat while bloodless. [Vampire growth]
   988 | D:2      | Reached XP level 3. HP: 27/27 MP: 3/3
   989 | D:2      | Found a faded altar of an unknown god.
  1575 | D:2      | Noticed Jessica
  1578 | D:2      | Killed Jessica
  1579 | D:2      | Reached XP level 4. HP: 33/33 MP: 4/4
  1910 | D:3      | Found an ancient bone altar of Kikubaaqudgha.
  2048 | D:3      | Reached skill level 5 in Short Blades
  2125 | D:3      | Noticed an ice beast
  2131 | D:3      | Killed an ice beast
  2132 | D:3      | Reached XP level 5. HP: 38/38 MP: 5/5
  2560 | D:3      | Reached XP level 6. HP: 30/44 MP: 6/6
  2773 | D:4      | Found a sparkling altar of Nemelex Xobeh.
  3360 | D:4      | Found a snail-covered altar of Cheibriados.
  3489 | D:5      | Entered Level 5 of the Dungeon
  3572 | D:5      | Noticed a sky beast
  3576 | D:5      | Killed a sky beast
  3661 | D:5      | Reached XP level 7. HP: 46/49 MP: 7/7
  3688 | D:5      | Noticed Ijyb
  3690 | Abyss:1  | Cast into level 1 of the Abyss (Ijyb)
  3725 | Abyss:1  | Noticed a large abomination
  3729 | Abyss:1  | Noticed a ynoxinul
  3731 | Abyss:1  | Noticed a ynoxinul
  3736 | D:5      | Escaped the Abyss
  3791 | D:5      | Killed Ijyb
  4477 | D:5      | Noticed Sigmund
  4482 | D:5      | Killed Sigmund
  4621 | D:5      | Reached skill level 10 in Short Blades
  4621 | D:5      | Reached skill level 2 in Fighting
  4695 | D:5      | Noticed Menkaure
  4702 | D:5      | Killed Menkaure
  4703 | D:5      | Reached skill level 3 in Fighting
  4703 | D:5      | Reached XP level 8. HP: 58/58 MP: 8/8
  5014 | D:5      | Reached skill level 4 in Fighting
  5189 | D:6      | Reached skill level 5 in Fighting
  5648 | D:6      | Found a staircase to the Ecumenical Temple.
  5661 | Temple   | Entered the Ecumenical Temple
  5661 | Temple   | Found a transporter.
  5661 | Temple   | Found a transporter.
  5663 | Temple   | Found a transporter.
  5663 | Temple   | Found a transporter.
  5748 | Temple   | Became a worshipper of Gozag Ym Sagoz the Greedy
  5890 | D:6      | Reached skill level 6 in Fighting
  5917 | D:6      | Noticed Maggie
  5925 | D:6      | Banished Maggie
  5926 | D:6      | Reached skill level 7 in Fighting
  6161 | D:7      | Noticed a two-headed ogre
  6569 | D:7      | Killed a two-headed ogre
  6570 | D:7      | Reached skill level 8 in Fighting
  6570 | D:7      | Reached XP level 9. HP: 75/75 MP: 9/9
  6694 | D:7      | Found Zuciqy's Antique Armour Shop.
  7091 | D:7      | Reached skill level 9 in Fighting
  7619 | D:7      | Reached skill level 10 in Fighting
  8139 | D:8      | Reached XP level 10. HP: 86/86 MP: 10/10
  8163 | D:8      | Reached skill level 11 in Fighting
  8288 | D:8      | Found Ofonge's Book Boutique.
  8499 | D:8      | Found Hikhen's Jewellery Shoppe.
  8509 | D:8      | Gained mutation: You have sharp toenails. [potion of
                  | mutation]
  8509 | D:8      | Gained mutation: You have a pair of small horns on your
                  | head. [potion of mutation]
  8509 | D:8      | Gained mutation: Your muscles are strong. (Str +4, Int/Dex
                  | -1) [potion of mutation]
  8510 | D:8      | Bought an amulet of regeneration for 360 gold pieces
  8876 | D:9      | Found a staircase to the Lair.
  9274 | D:9      | Found a basalt altar of Yredelemnul.
  9426 | D:9      | Lost mutation: You have sharp toenails. [potion of
                  | mutation]
  9426 | D:9      | Lost mutation: You have a pair of small horns on your head.
                  | [potion of mutation]
  9426 | D:9      | Gained mutation: You have a pair of small horns on your
                  | head. [potion of mutation]
  9426 | D:9      | Gained mutation: Your mind is acute. (Int +4, Str/Dex -1)
                  | [potion of mutation]
  9467 | D:9      | Noticed an orange demon
  9471 | D:9      | Reached skill level 5 in Dodging
  9472 | D:9      | Reached skill level 12 in Fighting
  9506 | D:9      | Noticed a two-headed ogre
  9508 | D:9      | Noticed an orange demon
  9518 | D:9      | Slain by a hellwing

Illustrated notes

Levels and vault maps discovered:
D:1:      mrwooster_arrival_statue, layout_basic, serial_bayou,
          serial_bayou_pond_c, serial_bayou_shore_a, serial_bayou_lagoon_b,
          serial_bayou_shore_b, hangedman_feature_mirror
D:2:      layout_basic, nicolae_ecumenical_snake_handling, uniq_jessica
D:3:      layout_loops_ring, kiku_gazebo_garden_becter
D:4:      layout_basic, kennysheep_mini, gammafunk_temple_overflow_wave
D:5:      layout_basic, kennysheep_another_room, uniq_sigmund, uniq_ijyb,
          uniq_menkaure
D:6:      layout_gridville, mainiacjoe_overflow_concentric_impassable,
          minmay_temple_entry_large_hall, chequers_serial_rivers_small_3,
          dreamdust_gnoll_farm, uniq_maggie
D:7:      layout_rooms, serial_shops, shop_statue
D:8:      layout_rooms, serial_shops, nicolae_diamond_shop, shop,
          serial_co_window_serial, co_window_paths_b, co_window_corner_a,
          co_window_corner_a, co_window_paths_a, co_window_corner_a,
          co_window_paths_c, co_window_broadway_c, co_window_paths_c,
          co_window_4corner_a, co_window_paths_d, glass_columns_c,
          kennysheep_generic_room_7
D:9:      layout_rooms, mainiacjoe_overflow_six_doors_small,
          lemuel_zombie_altar_yredelemnul, erik_lair_orcish_takeover,
          glass_columns_b
Temple:   hellmonk_temple_divided_pantheon

Skill      XL: |  1  2  3  4  5  6  7  8  9 10 |
---------------+-------------------------------+-----
Short Blades   | 3 4 6 7 8 10 | 10.0
Fighting       | 3 8 10 12 | 12.0
Dodging        | 6 |  6.6
Throwing       | |  1.5
Stealth        | |  5.8

Action                   |  1- 3 |  4- 6 |  7- 9 | 10-12 || total
-------------------------+-------+-------+-------+-------++-------
Melee: Dagger            |    91 |   185 |   324 |   136 ||   736
       Bite              |     8 |    17 |    37 |    19 ||    81
       Punch             |     1 |     4 |     6 |     1 ||    12
       Headbutt          |       |       |       |    25 ||    25
       Kick              |       |       |       |    22 ||    22
Throw: Dart              |       |     1 |     9 |       ||    10
       Javelin           |       |       |     4 |       ||     4
Evoke: Wand              |       |       |     1 |     8 ||     9
  Use: Scroll            |       |     2 |     9 |     1 ||    12
       Potion            |       |       |     8 |     3 ||    11
 Stab: Sleeping          |    10 |    22 |    11 |     1 ||    44
       Invisible         |       |       |     1 |       ||     1
       Distracted        |       |       |       |     3 ||     3
Armor: Robe              |    12 |    17 |    43 |    21 ||    93
Dodge: Dodged            |    44 |    58 |   123 |    71 ||   296

Table legend: (Time is in decaauts)
 A = Elapsed time spent in this place.
 B = Non-inter-level travel time spent in this place.
 C = Inter-level travel time spent in this place.
 D = Time resting spent in this place.
 E = Time spent auto-exploring this place.
 F = Levels seen in this place.
 G = Mean time per level.
                   A        B        C        D        E       F      G
               +--------+--------+--------+--------+--------+-----+--------+
         Total |   9248 |   8948 |    300 |   1907 |   5225 |  11 |  840.7 |
       Dungeon |   9100 |   8809 |    291 |   1907 |   5225 |   9 | 1011.1 |
        Temple |    102 |     93 |      9 |      0 |      0 |   1 |  102.0 |
         Abyss |     45 |     45 |      0 |      0 |      0 |   1 |   45.0 |
               +--------+--------+--------+--------+--------+-----+--------+

Top non-repeatable levels by time:
     D:6: 1496 daAuts
     D:5: 1485 daAuts
     D:8: 1193 daAuts
     D:2: 1048 daAuts
     D:7: 876 daAuts
     D:1: 866 daAuts
     D:3: 840 daAuts
     D:4: 695 daAuts
     D:9: 597 daAuts
  Temple: 102 daAuts
 Abyss:1: 45 daAuts
